MLB
LOS ANGELES DODGERS @ SAN DIEGO PADRES
06/17/2099
 
TOP OF THE 1ST
Los Angeles Dodgers batting - Pitching for San Diego Padres : RHP Ben Memon
Pitching: RHP Ben Memon
Batting: RHB Bryan Uplinger 0-0: Called Strike
0-1: Swinging Strike
0-2: Ball
1-2: Ball
2-2: Strikes out swinging
Batting: LHB Roy Lazzaro 0-0: Ball
1-0: Ground out 1-3 (Groundball, 13S, EV 75.6 MPH)
Batting: LHB Ramon Anguiano 0-0: Called Strike
0-1: Ball
1-1: Ball
2-1: Called Strike
2-2: Ball
3-2: Ground out 4-3 (Groundball, 34, EV 101.3 MPH)
Top of the 1st over - 0 runs, 0 hits, 0 errors, 0 left on base; Los Angeles 0 - San Diego 0
BOTTOM OF THE 1ST
San Diego Padres batting - Pitching for Los Angeles Dodgers : LHP Scott Lahoda
Pitching: LHP Scott Lahoda
Batting: RHB Avery Thomas 0-0: Ball
1-0: Ball
2-0: DOUBLE (Flyball, 9LM, EV 93.8 MPH)
Batting: LHB R.J. Correll 0-0: Ball
1-0: Ball
2-0: Ball
3-0: Base on Balls
Batting: RHB Jose Barillas 0-0: Called Strike
0-1: Ball
1-1: Called Strike
1-2: Ball
2-2: Ball
3-2: Foul Ball, location: 2F
3-2: Fielders Choice at 2nd, 3-6 (Groundball, 34, EV 105.0 MPH)
Avery Thomas to third
Batting: RHB Chris Santos 0-0: Ball
Jose Barillas steals 2nd base
1-0: Ball
2-0: Ball
3-0: Called Strike
3-1: Swinging Strike
3-2: Foul Ball, location: 2F
3-2: Base on Balls
Batting: RHB Anibal Araldes 0-0: Ball
1-0: Ball
2-0: Called Strike
2-1: Foul Ball, location: 3DF
2-2: Grounds into fielders choice 6-2 (Groundball, 6S, EV 69.4 MPH)
Jose Barillas to third
Chris Santos to second
Batting: RHB John Ballard 0-0: Ball
1-0: Foul Ball, location: 2F
1-1: Foul Ball, location: 2F
1-2: Strikes out looking
Bottom of the 1st over - 0 runs, 1 hit, 0 errors, 3 left on base; Los Angeles 0 - San Diego 0
TOP OF THE 2ND
Los Angeles Dodgers batting - Pitching for San Diego Padres : RHP Ben Memon
Batting: RHB Victor Salinas 0-0: Called Strike
0-1: Foul Ball, location: 2F
0-2: Ball
1-2: SINGLE (Groundball, 34D, EV 102.5 MPH)
Batting: SHB Mang He 0-0: Foul Ball, location: 2F
0-1: Foul Ball, location: 23FF
0-2: Ball
1-2: DOUBLE (Line Drive, 9LS, EV 92.5 MPH)
Victor Salinas to third
Batting: RHB John Spohn 0-0: SINGLE (Groundball, P, EV 86.9 MPH) (infield hit)
Victor Salinas scores
Mang He to third
Batting: RHB Brad Horwath 0-0: Ball
1-0: Swinging Strike
1-1: Called Strike
John Spohn steals 2nd base
1-2: Ground out 6-3 (Groundball, 6, EV 103.1 MPH)
Batting: RHB Joe Boyer 0-0: Ball
1-0: Foul Ball, location: 9LMF
1-1: Ground out 5-3 (Groundball, 5L, EV 89.4 MPH)
Batting: SHB Jason Avsar 0-0: Ball
1-0: Called Strike
1-1: Ball
2-1: Ball
3-1: Swinging Strike
3-2: Fly out, F7 (Line Drive, 78M, EV 111.3 MPH)
Top of the 2nd over - 1 run, 3 hits, 0 errors, 2 left on base; Los Angeles 1 - San Diego 0
BOTTOM OF THE 2ND
San Diego Padres batting - Pitching for Los Angeles Dodgers : LHP Scott Lahoda
Batting: LHB Joel Sherlock 0-0: Ball
1-0: Ball
2-0: Fly out, F7 (Flyball, 7LS, EV 83.8 MPH)
Batting: RHB Colby Krant 0-0: Called Strike
0-1: Foul Ball, location: 3SF
0-2: Ball
1-2: Foul Ball, location: 2RF
1-2: Fly out, F7 (Line Drive, 7D, EV 83.8 MPH)
Batting: RHB Bill Carlisle 0-0: Ball
1-0: Ball
2-0: Called Strike
2-1: Foul Ball, location: 5DF
2-2: Ball
3-2: Fly out, F8 (Flyball, 8LD, EV 77.5 MPH)
Bottom of the 2nd over - 0 runs, 0 hits, 0 errors, 0 left on base; Los Angeles 1 - San Diego 0
TOP OF THE 3RD
Los Angeles Dodgers batting - Pitching for San Diego Padres : RHP Ben Memon
Pitching: LHP Bryant Miller
Batting: RHB Bryan Uplinger 0-0: Ball
1-0: Called Strike
1-1: Swinging Strike
1-2: Strikes out swinging
Batting: LHB Roy Lazzaro 0-0: Called Strike
0-1: Called Strike
0-2: Strikes out swinging
Batting: LHB Ramon Anguiano 0-0: Ball
1-0: Ball
2-0: Ball
3-0: Base on Balls
Batting: RHB Victor Salinas 0-0: Called Strike
0-1: Called Strike
0-2: Ball
1-2: Strikes out swinging
Top of the 3rd over - 0 runs, 0 hits, 0 errors, 1 left on base; Los Angeles 1 - San Diego 0
BOTTOM OF THE 3RD
San Diego Padres batting - Pitching for Los Angeles Dodgers : LHP Scott Lahoda
Pitching: RHP David Revis
Batting: RHB Avery Thomas 0-0: Ball
1-0: Ball
2-0: Foul Ball, location: 5F
2-1: SINGLE (Line Drive, 4D, EV 96.3 MPH)
Batting: LHB R.J. Correll 0-0: Ball
1-0: Ball
2-0: Called Strike
2-1: Sac Bunt to 5S - play at first, batter OUT! 5-3
Avery Thomas to second
Batting: RHB Jose Barillas 0-0: Swinging Strike
0-1: Foul Ball, location: 2F
0-2: Ball
1-2: Strikes out looking
Batting: RHB Chris Santos 0-0: Fly out, F9 (Flyball, 9, EV 88.1 MPH)
Bottom of the 3rd over - 0 runs, 1 hit, 0 errors, 1 left on base; Los Angeles 1 - San Diego 0
TOP OF THE 4TH
Los Angeles Dodgers batting - Pitching for San Diego Padres : LHP Bryant Miller
Batting: SHB Mang He 0-0: Called Strike
0-1: Swinging Strike
0-2: Ball
1-2: Ball
2-2: Foul Ball, location: 9LDF
2-2: Ball
3-2: Foul Ball, location: 2F
3-2: Foul Ball, location: 25FF
3-2: Fly out, F9 (Flyball, 9S, EV 80.6 MPH)
Batting: RHB John Spohn 0-0: Foul Ball, location: 3SF
0-1: Ball
1-1: Swinging Strike
1-2: Foul Ball, location: 2F
1-2: Ball
2-2: Strikes out swinging
Batting: RHB Brad Horwath 0-0: Ball
1-0: Called Strike
1-1: Foul Ball, location: 2F
1-2: Ground out 4-3 (Groundball, 4, EV 88.8 MPH)
Top of the 4th over - 0 runs, 0 hits, 0 errors, 0 left on base; Los Angeles 1 - San Diego 0
BOTTOM OF THE 4TH
San Diego Padres batting - Pitching for Los Angeles Dodgers : RHP David Revis
Batting: RHB Anibal Araldes 0-0: Ball
1-0: Foul Ball, location: 25F
1-1: Foul Ball, location: 3F
1-2: Ball
2-2: Ball
3-2: Base on Balls
Batting: RHB John Ballard 0-0: Ball
1-0: Foul Ball, location: 9LDF
1-1: Grounds into double play, 4-6-3 (Groundball, 4, EV 86.9 MPH)
Batting: LHB Joel Sherlock 0-0: Fly out, F8 (Flyball, 8RD, EV 85.0 MPH)
Bottom of the 4th over - 0 runs, 0 hits, 0 errors, 0 left on base; Los Angeles 1 - San Diego 0
TOP OF THE 5TH
Los Angeles Dodgers batting - Pitching for San Diego Padres : LHP Bryant Miller
Batting: RHB Joe Boyer 0-0: Ball
1-0: Foul Ball, location: 9LSF
1-1: Ball
2-1: Ball
3-1: Called Strike
3-2: SINGLE (Line Drive, 9S, EV 103.8 MPH)
Pitching: RHP Danny Ahlers
Batting: SHB Jason Avsar 0-0: Ball
1-0: Fielders Choice at 2nd, 4-6 (Groundball, 4, EV 86.9 MPH)
Batting: RHB Bryan Uplinger 0-0: Foul Ball, location: 9LSF
0-1: Foul Ball, location: 2LF
0-2: Strikes out swinging
Batting: LHB Roy Lazzaro 0-0: Called Strike
0-1: Called Strike
0-2: Strikes out swinging
Top of the 5th over - 0 runs, 1 hit, 0 errors, 1 left on base; Los Angeles 1 - San Diego 0
BOTTOM OF THE 5TH
San Diego Padres batting - Pitching for Los Angeles Dodgers : RHP David Revis
Batting: RHB Colby Krant 0-0: Ball
1-0: Ball
2-0: Foul Ball, location: 2F
2-1: Foul Ball, location: 2F
2-2: Strikes out looking
Batting: RHB Bill Carlisle 0-0: Called Strike
0-1: Swinging Strike
0-2: Ball
1-2: Ground out 5-3 (Groundball, 56S, EV 60.6 MPH)
Batting: RHB Avery Thomas 0-0: DOUBLE (Groundball, 5L, EV 106.9 MPH)
Batting: LHB R.J. Correll 0-0: Ball
1-0: Fly out, F7 (Flyball, 7S, EV 75.0 MPH)
Bottom of the 5th over - 0 runs, 1 hit, 0 errors, 1 left on base; Los Angeles 1 - San Diego 0
TOP OF THE 6TH
Los Angeles Dodgers batting - Pitching for San Diego Padres : RHP Danny Ahlers
Batting: LHB Ramon Anguiano 0-0: Foul Ball, location: 7LDF
0-1: Ball
1-1: Ball
2-1: Foul Ball, location: 2F
2-2: Strikes out looking
Batting: RHB Victor Salinas 0-0: Ball
1-0: Ground out 5-3 (Groundball, 56, EV 101.9 MPH)
Batting: SHB Mang He 0-0: Ball
1-0: Called Strike
1-1: Called Strike
1-2: Strikes out looking
Top of the 6th over - 0 runs, 0 hits, 0 errors, 0 left on base; Los Angeles 1 - San Diego 0
BOTTOM OF THE 6TH
San Diego Padres batting - Pitching for Los Angeles Dodgers : RHP David Revis
Batting: RHB Jose Barillas 0-0: Called Strike
0-1: Called Strike
0-2: Foul Ball, location: 2F
0-2: Ball
1-2: Foul Ball, location: 5F
1-2: Foul Ball, location: 2F
1-2: Hit by Pitch
Pitching: RHP Eric Beattie
Batting: RHB Chris Santos 0-0: Called Strike
0-1: Ball
1-1: Called Strike
1-2: Ball
2-2: Foul Ball, location: 5FF
2-2: Ball
3-2: SINGLE (Groundball, 6MD, EV 96.9 MPH)
Jose Barillas to second
Runner from 2nd tries for 3rd, SAFE, throw by CF made to third
Batting: RHB Anibal Araldes 0-0: Swinging Strike
0-1: Foul Ball, location: 5F
0-2: Strikes out swinging
Batting: RHB John Ballard 0-0: Fly out, F9 (Flyball, 9D, EV 94.4 MPH)
Runner from 3rd tags up, SCORES, throw by RF
Batting: LHB Joel Sherlock 0-0: Ball
1-0: SINGLE (Groundball, 34D, EV 97.5 MPH)
Chris Santos to second
Runner from 2nd tries for 3rd, SAFE, throw by RF made to third
Batting: RHB Colby Krant 0-0: Ball
1-0: Fly out, F9 (Flyball, 9S, EV 86.9 MPH)
Bottom of the 6th over - 1 run, 2 hits, 0 errors, 2 left on base; Los Angeles 1 - San Diego 1
TOP OF THE 7TH
Los Angeles Dodgers batting - Pitching for San Diego Padres : RHP Danny Ahlers
Pinch Hitting: LHB Joel Holden 0-0: Ball
1-0: Swinging Strike
1-1: Called Strike
1-2: Ball
2-2: Strikes out swinging
Batting: RHB Brad Horwath 0-0: Foul Ball, location: 5F
0-1: Ball
1-1: Swinging Strike
1-2: Strikes out swinging
Pitching: RHP Burke Rohrabaugh
Batting: RHB Joe Boyer 0-0: Called Strike
0-1: Swinging Strike
0-2: SOLO HOME RUN (Flyball, 9LD, EV 98.8 MPH), Distance : 359 ft
Batting: SHB Jason Avsar 0-0: Foul Ball, location: 2RF
0-1: Called Strike
0-2: Ball
1-2: Strikes out swinging
Top of the 7th over - 1 run, 1 hit, 0 errors, 0 left on base; Los Angeles 2 - San Diego 1
BOTTOM OF THE 7TH
San Diego Padres batting - Pitching for Los Angeles Dodgers : RHP Eric Beattie
Now at C: Ron Ascencio
Now at 1B: Mang He
Now at 3B: Luis Lozada
Now in RF: Joel Holden
Batting: RHB Bill Carlisle 0-0: Called Strike
0-1: Ball
1-1: Ball
2-1: Ball
3-1: Swinging Strike
3-2: Foul Ball, location: 2F
3-2: Fly out, F7 (Flyball, 7D, EV 92.5 MPH)
Pitching: RHP Sean McNees
Batting: RHB Avery Thomas 0-0: Swinging Strike
0-1: Called Strike
0-2: Ball
1-2: Fly out, F4 (Popup, 4S, EV 82.5 MPH)
Batting: LHB R.J. Correll 0-0: Ball
1-0: Ball
2-0: Called Strike
2-1: Fly out, F8 (Flyball, 8RXD, EV 97.5 MPH)
Bottom of the 7th over - 0 runs, 0 hits, 0 errors, 0 left on base; Los Angeles 2 - San Diego 1
TOP OF THE 8TH
Los Angeles Dodgers batting - Pitching for San Diego Padres : RHP Burke Rohrabaugh
Pitching: LHP Seth Oltmans
Batting: RHB Bryan Uplinger 0-0: DOUBLE (Groundball, 5L, EV 104.4 MPH)
Batting: LHB Roy Lazzaro 0-0: Called Strike
0-1: Foul Ball, location: 7LSF
0-2: Ground out 6-3 (Groundball, 6, EV 83.8 MPH)
Batting: LHB Greg Thompson 0-0: Foul Ball, location: 7LMFF
0-1: Ball
1-1: Swinging Strike
1-2: Ball
2-2: Ball
3-2: Foul Ball, location: 2F
3-2: Base on Balls
Batting: RHB Luis Lozada 0-0: Called Strike
0-1: Ball
Wild Pitch!
Bryan Uplinger to third
Greg Thompson to second
1-1: Swinging Strike
1-2: Ball
2-2: Strikes out swinging
Batting: SHB Mang He 0-0: Swinging Strike
0-1: Ball
1-1: Foul Ball, location: 5F
1-2: SINGLE (Groundball, 4MD, EV 103.8 MPH)
Bryan Uplinger scores
Greg Thompson to third
Runner from 3rd tries for Home, SAFE, throw by CF to home
Pitching: RHP Dan Ketterer
Batting: LHB Joel Holden 0-0: Swinging Strike
0-1: SINGLE (Groundball, 6MD, EV 100.0 MPH)
Mang He to second
Batting: RHB Brad Horwath 0-0: Foul Ball, location: 5F
0-1: Called Strike
0-2: Ball
1-2: Strikes out swinging
Top of the 8th over - 2 runs, 3 hits, 0 errors, 2 left on base; Los Angeles 4 - San Diego 1
BOTTOM OF THE 8TH
San Diego Padres batting - Pitching for Los Angeles Dodgers : RHP Sean McNees
Batting: RHB Jose Barillas 0-0: Ball
1-0: Ground out U3 (Groundball, 3L, EV 78.8 MPH)
Batting: RHB Chris Santos 0-0: Ball
1-0: Foul Ball, location: 3FF
1-1: Called Strike
1-2: Strikes out swinging
Batting: RHB Anibal Araldes 0-0: Called Strike
0-1: Swinging Strike
0-2: Ball
1-2: Foul Ball, location: 2F
1-2: Foul Ball, location: 9LSF
1-2: Foul Ball, location: 3SF
1-2: Foul Ball, location: 9LSF
1-2: Foul Ball, location: 2F
1-2: Foul Ball, location: 3F
1-2: Fly out, F8 (Flyball, 8LM, EV 95.0 MPH)
Bottom of the 8th over - 0 runs, 0 hits, 0 errors, 0 left on base; Los Angeles 4 - San Diego 1
TOP OF THE 9TH
Los Angeles Dodgers batting - Pitching for San Diego Padres : RHP Dan Ketterer
Batting: RHB Ron Ascencio 0-0: Foul Ball, location: 2F
0-1: Foul Ball, location: 2F
0-2: Fly out, F8 (Flyball, 8RM, EV 82.5 MPH)
Batting: SHB Jason Avsar 0-0: Ball
1-0: Ball
2-0: Ball
3-0: Called Strike
3-1: Ground out 4-3 (Groundball, 4, EV 95.0 MPH)
Batting: RHB Bryan Uplinger 0-0: Swinging Strike
0-1: Ball
1-1: Swinging Strike
1-2: Ball
2-2: Strikes out swinging
Top of the 9th over - 0 runs, 0 hits, 0 errors, 0 left on base; Los Angeles 4 - San Diego 1
BOTTOM OF THE 9TH
San Diego Padres batting - Pitching for Los Angeles Dodgers : RHP Sean McNees
Pitching: RHP Dennis Emmons
Batting: RHB John Ballard 0-0: Foul Ball, location: 2F
0-1: Ball
1-1: Ball
2-1: Ball
3-1: Ground out 4-3 (Groundball, 4S, EV 79.4 MPH)
Batting: LHB Joel Sherlock 0-0: Called Strike
0-1: Swinging Strike
0-2: Ball
1-2: Strikes out swinging
Pinch Hitting: RHB Maxwell Judson 0-0: Ball
1-0: Fly out, F7 (Flyball, 7D, EV 105.0 MPH)
Bottom of the 9th over - 0 runs, 0 hits, 0 errors, 0 left on base; Los Angeles 4 - San Diego 1
Monday, May 6th , 2024 - OOTP Baseball 24.11 Build 85